 Dungeon Crawl Stone Soup version 0.27.1-33-g824d729ab1 (webtiles) character file.

Game seed: 6102029399355407049

49 Atelerd the Digger (level 3, -2/21 HPs)
             Began as an Octopode Earth Elementalist on Dec 23, 2021.
             Slain by Natasha (8 damage)
             ... on level 3 of the Dungeon.
             The game lasted 00:01:01 (1719 turns).

Atelerd the Digger (Octopode Earth Elementalist)    Turns: 1719, Time: 00:01:02

Health: -2/21      AC:  1    Str:  7    XL:     3   Next: 77%
Magic:  3/7        EV: 13    Int: 18    God:
Gold:   79         SH:  0    Dex: 12    Spells: 6/7 levels left

rFire    . . .     SeeInvis .   (no weapon)
rCold    . . .     Faith    .   (no shield)
rNeg     . . .     Spirit   .   (helmet restricted)
rPois    .         Reflect  .   c - amulet of regeneration
rElec    .         Harm     .   (no ring)
rCorr    .         Rampage  .   (no ring)
Will     .....                  (no ring)
Stlth    +++.......             (no ring)
HPRegen  1.07/turn              (no ring)
MPRegen  0.10/turn              (no ring)
                                (no ring)
                                (no ring)

@: no status effects
A: almost no armour, amphibious, 8 rings, camouflage 1, gelatinous body 1,
(nimble swimmer 1), tentacles
a: no special abilities


You were on level 3 of the Dungeon.
You visited 1 branch of the dungeon, and saw 3 of its levels.

You collected 107 gold pieces.
You spent 28 gold pieces at shops.

Inventory:

Missiles
 b - 11 stones
Jewellery
 c - an amulet of regeneration (around mantle)
Wands
 i - a wand of iceblast (7)
Scrolls
 a - 3 scrolls of fear {unknown}
 d - a scroll of magic mapping
 e - a scroll of teleportation {unknown}
 f - a scroll of blinking {unknown}
 h - a scroll of enchant weapon {unknown}
Potions
 g - a potion of haste {unknown}


   Skills:
 - Level 2.0 Dodging
 - Level 2.6 Stealth
 + Level 2.7 Spellcasting
 - Level 2.0 Transmutations
 + Level 3.6 Earth Magic


You had 6 spell levels left.
You knew the following spells:

 Your Spells              Type           Power      Damage    Failure   Level
a - Sandblast             Erth           30%        2d9       3%          1

Your spell library contained the following spells:

 Spells                   Type           Power      Damage    Failure   Level
 Passwall                 Tmut/Erth      10%        N/A       8%          2
 Corona                   Hex            2%         N/A       17%         1
 Stone Arrow              Conj/Erth      18%        3d8       24%         3
 Ensorcelled Hibernation  Hex/Ice        4%         N/A       26%         2
 Tukima's Dance           Hex            2%         N/A       45%         3
 Petrify                  Tmut/Erth      12%        N/A       45%         4


Dungeon Overview and Level Annotations

Branches:
Dungeon (3/15)

Altars:
The Shining One

Shops:
D:2 *

Annotations:
D:3 Natasha


Innate Abilities, Weirdness & Mutations

You cannot wear most types of armour.
You are amphibious.
You can wear up to eight rings at the same time.
Your skin changes colour to match your surroundings (Stealth+).
Your rubbery body absorbs attacks. (AC +1, EV +1)
((You are camouflaged near water. (Stealth+)))
You have tentacles for arms and can constrict up to eight enemies at once.


Message History

The bat barely misses you.
The blast of sand hits the bat!
You kill the bat!
Natasha, Servant of Life and Death comes into view.
You can't see any susceptible monsters within range! (Use Z to cast anyway.) Natasha is nearby!
The blast of sand hits Natasha but does no damage.
Natasha hisses angrily.
Natasha is nearby!
Natasha is nearby!
Natasha casts a spell at you. The magic dart hits you!
The blast of sand hits Natasha!
Natasha is heavily wounded.
Natasha claws you!
* * * LOW HITPOINT WARNING * * *
You are too injured to fight recklessly!
Natasha is nearby!
You are too injured to fight recklessly!
You are too injured to fight recklessly!
You are too injured to fight recklessly!
Natasha is nearby!
You are too injured to fight recklessly!
Unknown command.
Casting: Sandblast (safe; 3% risk of failure)
Confirm with . or Enter, or press ? or * to list all spells.
Aiming: Sandblast (safe; 3% risk of failure)
Press: ? - help, Shift-Dir - straight line, f/p - Natasha
Aim: Natasha (heavily wounded, 74% to hit)
The blast of sand misses Natasha.
Natasha drinks a potion.
Natasha is healed!
Casting: Sandblast (safe; 3% risk of failure)
Confirm with . or Enter, or press ? or * to list all spells.
Aiming: Sandblast (safe; 3% risk of failure)
Press: ? - help, Shift-Dir - straight line, f/p - Natasha
Aim: Natasha (74% to hit)
The blast of sand misses Natasha.
Natasha mumbles some strange words.
Natasha glows brightly for a moment.
Natasha claws you!
You die...

#..#..#.#...#.###...#..#
#.####...#####...####.##
#..#...###.#...#.#.)#..#
#...###...##.##....##)##
#.###...#..#..#.....#..#
#.#...#
##.##.##....##.####
#...# ...#..#..###.....#
##.## #h##.####...###.#
#..# #.@#..#...### #
##.## ##.##...### #..#
###.....###
##.####...#####
#..#...### ##...###
#.### #.# #..


You could see Natasha.

Vanquished Creatures
  An adder (D:2)
  2 worms (D:2)
  A dart slug (D:1)
  An orc (D:3)
  4 endoplasms
  A giant cockroach (D:3)
  4 hobgoblins
  2 kobolds
  3 ball pythons
  6 bats
  3 frilled lizards (D:2)
  2 goblins
  3 rats
33 creatures vanquished.

Notes
Turn   | Place    | Note
-------+----------+-------------------------------------------
     0 | D:1      | Atelerd the Octopode Earth Elementalist began the quest for
                  | the Orb.
     0 | D:1      | Reached XP level 1. HP: 11/11 MP: 3/3
   309 | D:1      | Found a faded altar of an unknown god.
   321 | D:1      | Reached XP level 2. HP: 11/17 MP: 3/5
   760 | D:2      | Found a glowing golden altar of the Shining One.
   831 | D:2      | Reached XP level 3. HP: 21/21 MP: 1/6
  1346 | D:2      | Found Muma's General Store.
  1367 | D:2      | Bought a scroll of identify for 28 gold pieces
  1713 | D:3      | Noticed Natasha
  1719 | D:3      | Slain by Natasha

Illustrated notes

Levels and vault maps discovered:
D:1:      dpeg_arrival_chambers_temple_mockup, layout_rooms,
          basic_ecumenical_altar
D:2:      layout_basic, basic_altar, serial_shops, nicolae_shop_trees
D:3:      minmay_skewed_foursquare, layout_loops_ring, uniq_natasha

Skill      XL: |  1  2  3 |
---------------+----------+-----
Transmutations | 2 |  2.0
Dodging        | |  2.0
Stealth        | |  2.6
Spellcasting   | |  2.7
Earth Magic    | |  3.6

Action                   || total
-------------------------++-------
Melee: Unarmed           ||    17
       Constrict         ||     6
       Tentacles         ||     3
 Cast: Sandblast         ||    43
  Use: Scroll            ||     1
Armor: Skin              ||     4
Dodge: Dodged            ||    14
